 Dungeon Crawl Stone Soup version 0.32-a0-818-gb728d0252e (webtiles) character file.

Game seed: 634518672682699538

164 AstroCodex24 the Trooper (level 5, -7/41 HPs)
             Began as a Vampire Fighter on Mar 23, 2024.
             Killed by divine providence
             ... invoked by an orc priest
              (11 damage)
             ... on level 3 of the Dungeon.
             The game lasted 00:01:56 (388 turns).

AstroCodex24 the Trooper (Vampire Fighter)           Turns: 388, Time: 00:01:58

Health: -7/41      AC:  6    Str: 17    XL:     5   Next: 21%
Magic:  5/5        EV:  8    Int: 11    God:
Gold:   43         SH:  4    Dex: 13    Spells: 4/4 levels left

rFire   . . .        a - +0 war axe
rCold   . . .        c - +0 buckler
rNeg    . . .        b - +0 scale mail
rPois   .            (no helmet)
rElec   .            (no cloak)
rCorr   .            (no gloves)
SInv    +            (no boots)
Will    .....        (no amulet) Stlth
                     (no ring)
HPRegen 0.46/turn    (no ring)
MPRegen 0.09/turn

%: no passive effects
@: attractive, healing quickly
A: alive, fangs 3, see invisible, vampiric 2
a: Exsanguinate, Convert to Beogh


You were on level 3 of the Dungeon.
You visited 1 branch of the dungeon, and saw 3 of its levels.

You collected 43 gold pieces.

Inventory:

Hand Weapons
 a - a +0 war axe (weapon)
Armour
 b - a +0 scale mail (worn)
 c - a +0 buckler (worn)
Potions
 d - a potion of might


   Skills:
 + Level 3.4 Fighting
 + Level 3.0 Axes
 + Level 3.4 Armour
 + Level 0.2 Dodging
 + Level 3.3 Shields


You had 4 spell levels left.
You didn't know any spells.
Your spell library was empty.

Dungeon Overview and Level Annotations

Branches:
Dungeon (3/15)

Altars:


Innate Abilities, Weirdness & Mutations

Your natural rate of healing is accelerated.
You have razor-sharp teeth.
You have supernaturally acute eyesight. (SInv)
You are afflicted with vampirism and can become a bat while bloodless.


Message History

Things that are here:
a +0 dagger; a +0 robe; a +0 dagger You are too confused!
It was a potion of attraction.
You feel attractive to monsters.
You are too confused!
You bump into the stone wall.
You feel less confused. The orc priest is attracted toward you.
The orc priest looks satisfied for a moment.
The orc priest is attracted toward you.
The orc priest shouts, "The Pantheon deserves no one's loyalty.
Let us show you the true path!"
You hit the orc priest.
The orc priest is lightly wounded.
The orc priest closely misses you.
You slash the orc priest!
The orc priest is severely wounded.
The orc priest threatens, "Beogh's wrath is as vast as their mercy.
Make your choice!"
The orc priest hits you with a +0 flail.
* * * LOW HITPOINT WARNING * * *
The orc priest hits you with a +0 flail.
* * * LOW HITPOINT WARNING * * *
You hit the orc priest.
The orc priest is severely wounded.
The orc priest begins to cast a cantrip, but forgets the words!
You hit the orc priest but do no damage.
The orc priest is severely wounded.
The orc priest mumbles some strange prayers to Beogh against you.
Pain shoots through your body!
* * * LOW HITPOINT WARNING * * *
You hit the orc priest but do no damage.
The orc priest is severely wounded.
The orc priest looks satisfied for a moment.
You block the orc priest's attack.
The orc priest shouts, "The Pantheon deserves no one's loyalty.
Let us show you the true path!"
You hit the orc priest.
The orc priest is almost dead.
The orc priest invokes the aid of Beogh against you.
Beogh smites you!
You die...

####...........##
#....###.....#
#####...##### #.####
#...... #.......# ##.#
######. #.#...#... .##.###
#. #.#.....####.##.... #. #
..........######.#### #.
.#...##...#..........# ##
#..##.)#o..#..#. #.###
#....#)@.##..#.##...####
....#..#$...##..#..........
.# ..##.)##.##..####...####
#.. #..##.##.)####.###
...#..#.)...).......#
...#...[#...##########
..#..##..#..# #... #...#.#
... ......#..


You could see an orc priest.

Vanquished Creatures
  An orc priest (D:3)
  Natasha (twice) (D:3)
  2 orc wizards (D:3)
  2 adders
  A ribbon worm (D:2)
  6 orcs (D:3)
  An endoplasm (D:3)
  A bat (D:1)
  A frilled lizard (D:3)
17 creatures vanquished.

Notes
Turn   | Place    | Note
-------+----------+-------------------------------------------
     0 | D:1      | AstroCodex24 the Vampire Fighter began the quest for the
                  | Orb.
     0 | D:1      | Reached XP level 1. HP: 17/17 MP: 1/1
    51 | D:2      | Reached XP level 2. HP: 7/23 MP: 2/2
   106 | D:3      | Noticed Natasha
   121 | D:3      | Killed Natasha
   122 | D:3      | Gained mutation: You are afflicted with vampirism and can
                  | become a bat while bloodless. [Vampire growth]
   122 | D:3      | Reached XP level 3. HP: 11/29 MP: 3/3
   137 | D:3      | Noticed Natasha
   147 | D:3      | Killed Natasha
   148 | D:3      | Reached XP level 4. HP: 14/35 MP: 4/4
   359 | D:3      | Reached XP level 5. HP: 15/41 MP: 5/5
   388 | D:3      | Killed from afar by an orc priest

Illustrated notes

Levels and vault maps discovered:
D:1:      dpeg_arrival_orchard, layout_basic
D:2:      layout_basic, serial_shops, shop, chequers_serial_rivers_micro_d
D:3:      layout_loops_cross, serial_shops, shop, minivault_26, minmay_cut_off,
          uniq_natasha

Skill      XL: |  1  2  3  4  5 |
---------------+----------------+-----
Fighting       | 3 |  3.4
Axes           | 2 3 |  3.0
Shields        | 3 |  3.3
Armour         | 3 |  3.4
Dodging        | |  0.2

Action                     |  1- 3 |  4- 6 || total
---------------------------+-------+-------++-------
  Melee: War axe           |    26 |    30 ||    56
         Bite              |     2 |     3 ||     5
    Use: Potion            |       |     1 ||     1
 Armour: Scale mail        |    29 |    33 ||    62
  Dodge: Dodged            |    25 |    16 ||    41
  Block: Buckler           |    15 |    14 ||    29

Table legend: (Time is in decaauts)
 A = Elapsed time spent in this place.
 B = Non-inter-level travel time spent in this place.
 C = Inter-level travel time spent in this place.
 D = Time resting spent in this place.
 E = Time spent auto-exploring this place.
 F = Levels seen in this place.
 G = Mean time per level.
                   A        B        C        D        E       F      G
               +--------+--------+--------+--------+--------+-----+--------+
         Total |    424 |    424 |      0 |      0 |      0 |   3 |  141.3 |
       Dungeon |    424 |    424 |      0 |      0 |      0 |   3 |  141.3 |
               +--------+--------+--------+--------+--------+-----+--------+

Top non-repeatable levels by time:
     D:3: 311 daAuts
     D:2: 86 daAuts
     D:1: 26 daAuts
